 Dungeon Crawl Stone Soup version 0.32-a0-41-gec2d92a32c (webtiles) character file.

Game seed: 2484152026974377515

128 Dirtsage the Changeling (level 5, -1/34 HPs)
             Began as an Octopode Shapeshifter on Jan 26, 2024.
             Slain by a goblin
             ... wielding a +0 dagger
              (4 damage)
             ... on level 2 of the Dungeon.
             The game lasted 00:03:51 (1328 turns).

Dirtsage the Changeling (Octopode Shapeshifter)     Turns: 1328, Time: 00:03:52

Health: -1/34      AC:  1    Str: 13    XL:     5   Next: 11%
Magic:  5/5        EV: 13    Int: 13    God:
Gold:   120        SH:  0    Dex: 13    Spells: 4/4 levels left

rFire   . .          .
                       - Unarmed
rCold   . . .        (no shield)
rNeg    . . .        (helmet currently unavailable)
rPois   .            (no amulet)
rElec   .            (no ring)
rCorr   .            (no ring)
SInv    .            (no ring)
Will    .....        (no ring)
Stlth   ++           (no ring)
HPRegen 0.25/turn    (no ring)
MPRegen 0.09/turn    (no ring)
                     (no ring)

%: no passive effects
@: beast-form
A: beast (slay +2), almost no armour, amphibious, 8 rings, camouflage 1,
gelatinous body 1, (nimble swimmer 1), tentacles
a: Begin Untransformation


You were on level 2 of the Dungeon.
You were a hulking beast.
You visited 1 branch of the dungeon, and saw 2 of its levels.

You collected 120 gold pieces.

Inventory:

Talismans
 b - a beast talisman
 c - a flux talisman
 j - a granite talisman
Scrolls
 d - 3 scrolls of identify {unknown}
 h - a scroll of summoning {unknown}
Potions
 a - a potion of lignification
 e - a potion of magic {unknown}
 f - a potion of ambrosia {unknown}
 g - a potion of cancellation {unknown}
 i - a potion of curing {unknown}


   Skills:
 + Level 2.2 Fighting
 + Level 2.8 Dodging
 + Level 3.6 Unarmed Combat
 * Level 4.0 Shapeshifting


You had 4 spell levels left.
You didn't know any spells.
Your spell library contained the following spells:

 Spells                   Type           Power      Damage    Failure   Level
 Sandblast                Erth           0%         2d4       30%         1
 Sublimation of Blood     Necr           0%         N/A       43%         2
 Passwall                 Erth           0%         N/A       67%         3
 Stone Arrow              Conj/Erth      0%         3d7       67%         3
 Brom's Barrelling Bould  Conj/Erth      0%         2d3       97%         4
 Petrify                  Alch/Erth      0%         N/A       97%         4
 Irradiate                Conj/Alch      0%         3d11      100%        5


Dungeon Overview and Level Annotations

Branches:
Dungeon (2/15)

Altars:

Shops:
D:1 (


Innate Abilities, Weirdness & Mutations

You are a hulking beast.
Your limbs bulge with bestial killing power. (Slay +2)
You cannot wear most types of armour.
You are amphibious.
You can wear up to eight rings at the same time.
Your skin changes colour to match your surroundings (Stealth+).
Your rubbery body absorbs attacks. (AC +1, EV +1)
((You are camouflaged when in or above water. (Stealth+)))
You have tentacles for arms and can constrict up to eight enemies at once.


Message History

You kill the rat!
The gnoll hits you from afar with a +0 halberd.
You take 6 damage, and have 18/29 hp.
MASSIVE DAMAGE!!
The goblin unwields a +0 dagger.
The goblin wields a +0 sling.
The goblin shoots a sling bullet.
The sling bullet closely misses you.
The goblin shoots a sling bullet.
The sling bullet closely misses you. The gnoll barely misses you.
You closely miss the gnoll. You grab the gnoll. You constrict the gnoll.
The gnoll struggles to escape constriction.
You tentacle-slap the gnoll. You squeeze the gnoll.
The gnoll is moderately wounded.
You constrict the gnoll. The gnoll hits you with a +0 halberd!
You take 9 damage, and have 10/29 hp.
MASSIVE DAMAGE!!
You tentacle-slap the gnoll.
The gnoll is almost dead.
You constrict the gnoll.
You kill the gnoll!
The goblin shoots a sling bullet.
The sling bullet barely misses you.
Your Shapeshifting skill increases to level 4!
You have reached level 5!
You feel clever.
You regained 2 hp, and now have 12/34 hp.
MP restored: 5 The gnoll attacks as it pursues you!
The gnoll completely misses you.
The goblin shoots a sling bullet.
The sling bullet barely misses you.
You barely miss the gnoll. Your grab misses the gnoll.
The gnoll hits you with a +0 whip!
* * * LOW HITPOINT WARNING * * *
You take 9 damage, and have 4/34 hp.
MASSIVE DAMAGE!!
You tentacle-slap the gnoll. You grab the gnoll.
The gnoll is moderately wounded.
You constrict the gnoll. You bludgeon the gnoll!
You kill the gnoll!
The goblin shoots a sling bullet.
The sling bullet hits you.
* * * LOW HITPOINT WARNING * * *
You take 2 damage, and have 3/34 hp.
The goblin unwields a +0 sling.
The goblin wields a +0 dagger.
The goblin hits you with a +0 dagger.
You die...

#.# #...... #.#
##.####. #.#
#....... #.#
#.###### ###.# #.#
###. #...#
#.###... #.###
#....... #.#
####.#.. #h###
#....
##########g..#####
##...
)..)...g).........
#...
...#...#.#...#...
##..
.....#)#...#.#....
#..
..#?..#.....#...#.
##.
#..#.....#..#.. #.
..# #.....###...
#' #.. .#...#..
..# #.


You could see a goblin.

Vanquished Creatures
  Jessica (D:2)
  Robin (D:2)
  3 gnolls (D:2)
  2 dart slugs (D:1)
  6 endoplasms
  2 giant cockroaches (D:1)
  9 goblins
  9 hobgoblins
  2 jackals (D:1)
  3 quokkas (D:1)
  4 ball pythons (D:1)
  5 bats
  2 frilled lizards
  3 kobolds
  3 rats
55 creatures vanquished.

Notes
Turn   | Place    | Note
-------+----------+-------------------------------------------
     0 | D:1      | Dirtsage the Octopode Shapeshifter began the quest for the
                  | Orb.
     0 | D:1      | Reached XP level 1. HP: 13/13 MP: 1/1
   138 | D:1      | Reached XP level 2. HP: 18/18 MP: 2/2
   274 | D:1      | Reached XP level 3. HP: 5/23 MP: 3/3
   408 | D:1      | Found Sikhlif's Weapon Emporium.
   910 | D:2      | Noticed Robin
   917 | D:2      | Killed Robin
   924 | D:2      | Reached XP level 4. HP: 26/29 MP: 4/4
  1011 | D:2      | Noticed Jessica
  1018 | D:2      | Killed Jessica
  1322 | D:2      | Reached skill level 4 in Shapeshifting
  1322 | D:2      | Reached XP level 5. HP: 12/34 MP: 5/5
  1328 | D:2      | Slain by a goblin

Illustrated notes

Levels and vault maps discovered:
D:1:      lemuel_arrival_cross, layout_basic, serial_shops, shop, st_stairs_11,
          nrook_uturn
D:2:      minmay_skewed_foursquare, layout_loops_ring, minmay_splitting_lines,
          uniq_jessica, uniq_crazy_yiuf_cottage, uniq_robin, uniq_sigmund

Skill      XL: |  1  2  3  4 |
---------------+-------------+-----
Fighting       | 2 |  2.2
Shapeshifting  | 4 |  4.0
Dodging        | |  2.8
Unarmed Combat | |  3.6

Action                     |  1- 3 |  4- 6 || total
---------------------------+-------+-------++-------
  Melee: Unarmed           |    67 |    32 ||    99
         Constrict         |    16 |     9 ||    25
         Tentacles         |    10 |     5 ||    15
         Punch             |     1 |     1 ||     2
   Stab: Sleeping          |     7 |     1 ||     8
 Armour: Skin              |    30 |    16 ||    46
  Dodge: Dodged            |    35 |    27 ||    62

Table legend: (Time is in decaauts)
 A = Elapsed time spent in this place.
 B = Non-inter-level travel time spent in this place.
 C = Inter-level travel time spent in this place.
 D = Time resting spent in this place.
 E = Time spent auto-exploring this place.
 F = Levels seen in this place.
 G = Mean time per level.
                   A        B        C        D        E       F      G
               +--------+--------+--------+--------+--------+-----+--------+
         Total |   1322 |   1310 |     12 |      0 |   1035 |   2 |  661.0 |
       Dungeon |   1322 |   1310 |     12 |      0 |   1035 |   2 |  661.0 |
               +--------+--------+--------+--------+--------+-----+--------+

Top non-repeatable levels by time:
     D:1: 809 daAuts
     D:2: 512 daAuts
